 Dungeon Crawl Stone Soup version 0.31-a0-187-gba352fbbf7 (webtiles) character file.

Game seed: 9568948885853446126

35 qw the Shooter (level 3, -1/20 HPs)
             Began as a Deep Elf Hunter on June 22, 2023.
             Frozen to death by an endoplasm (3 damage)
             ... on level 2 of the Dungeon.
             The game lasted 00:00:19 (617 turns).

qw the Shooter (Deep Elf Hunter)                     Turns: 617, Time: 00:00:19

Health: -1/20      AC:  7    Str: 10    XL:     3   Next: 16%
Magic:  5/5        EV:  6    Int: 13    God:
Gold:   12         SH:  0    Dex: 18    Spells: 2/2 levels left

rFire   . . .        Y - +0 shortbow (flame)
rCold   . . .        (shield currently unavailable)
rNeg    . . .        i - +0 scale mail
rPois   .            (no helmet)
rElec   .            (no cloak)
rCorr   .            f - +0 pair of gloves
SInv    .            (no boots)
Will    .....        (no amulet)
Stlth   +            (no ring)
HPRegen 0.23/turn    (no ring)
MPRegen 0.09/turn

%: no passive effects
@: constricted
A: no striking features
a: no special abilities


You were on level 2 of the Dungeon.
You visited 1 branch of the dungeon, and saw 2 of its levels.

You collected 12 gold pieces.


   Skills:
 - Level 1.5 Fighting
 + Level 6.7 Ranged Weapons
 - Level 2.4 Dodging
 - Level 1.2 Stealth


You had 2 spell levels left.
You didn't know any spells.
Your spell library was empty.

Inventory:

Hand Weapons
 Y - a +0 shortbow of flaming (weapon)
Armour
 f - a +0 pair of gloves (worn)
 i - a +0 scale mail (worn)
Potions
 e - a potion of might {unknown}
 h - a potion of enlightenment {unknown}

Dungeon Overview and Level Annotations

Branches:
Dungeon (2/15)

Altars:


Message History

You shoot an arrow.
The arrow hits the endoplasm but does no damage.
The endoplasm is almost dead.
The ball python closely misses you. The ball python barely misses you.
The endoplasm jiggles.
The endoplasm freezes you.
You are frozen.
613 ||| STAIRDANCE The ball python closely misses you.
The ball python grabs you.
You stop ascending the stairs.
The ball python constricts you.
The endoplasm hits you but does no damage.
The ball python bites you but does no damage.
The ball python constricts you.
You shoot an arrow.
The arrow closely misses the ball python.
The endoplasm hits you but does no damage.
The ball python barely misses you. The ball python constricts you.
The endoplasm freezes you.
You are frozen.
You shoot an arrow.
The arrow closely misses the ball python.
The ball python bites you but does no damage.
The ball python constricts you. The ball python bites you.
The ball python constricts you. The endoplasm closely misses you.
You shoot an arrow.
The arrow completely misses the ball python.
The ball python bites you. The ball python constricts you.
The endoplasm freezes you.
You are frozen.
The ball python barely misses you. The ball python constricts you.
You shoot an arrow. The arrow hits the ball python.
The arrow burns the ball python.
The ball python is severely wounded.
The endoplasm freezes you.
You are frozen.
The ball python bites you but does no damage.
The ball python constricts you. The endoplasm freezes you.
You are frozen.
You die...

..# ..# #.# #..
# ##.## #.. ...
##...##.#
......J@#
##...##.S.....#
## #########


You could see an endoplasm and a ball python.

Vanquished Creatures
  A ball python (D:1)
  An endoplasm (D:1)
  2 giant cockroaches (D:1)
  6 goblins (D:1)
  2 hobgoblins (D:1)
  5 jackals (D:1)
  3 kobolds (D:1)
  3 quokkas (D:1)
  3 bats (D:1)
  2 rats (D:1)
28 creatures vanquished.

Notes
Turn   | Place    | Note
-------+----------+-------------------------------------------
     0 | D:1      | qw the Deep Elf Hunter began the quest for the Orb.
     0 | D:1      | Reached XP level 1. HP: 12/12 MP: 3/3
     0 | D:1      | 0 ||| qw: Version: 0.3-a-9-g12657ce
     0 | D:1      | 0 ||| qw: Game counter: 2013
     0 | D:1      | 0 ||| qw: Always use a shield: true
     0 | D:1      | 0 ||| qw: God list: Okawaru
     0 | D:1      | 0 ||| qw: Allow faded altars: false
     0 | D:1      | 0 ||| qw: Do Orc after D:15 true
     0 | D:1      | 0 ||| qw: Do second Lair branch before Depths: true
     0 | D:1      | 0 ||| qw: Lair rune preference: random
     0 | D:1      | 0 ||| qw: Plans: Normal
     0 | D:1      | 0 ||| PLANNING D:1-11
    26 | D:1      | Reached XP level 2. HP: 16/16 MP: 4/4
    33 | D:1      | Reached skill level 6 in Ranged Weapons
   189 | D:1      | Found a faded altar of an unknown god.
   273 | D:1      | 273 ||| FLEEEEING.
   274 | D:1      | 274 ||| FLEEEEING.
   275 | D:1      | 275 ||| FLEEEEING.
   276 | D:1      | 276 ||| FLEEEEING.
   277 | D:1      | 277 ||| FLEEEEING.
   278 | D:1      | 278 ||| FLEEEEING.
   280 | D:1      | 280 ||| FLEEEEING.
   472 | D:1      | Reached XP level 3. HP: 20/20 MP: 5/5
   568 | D:1      | 568 ||| UPGRADING to +0 pair of gloves.
   573 | D:1      | 573 ||| UPGRADING to +0 scale mail.
   583 | D:1      | 583 ||| DROPPING +0 leather armour.
   584 | D:1      | 584 ||| READING scroll labelled KIMMOA SEMA.
   585 | D:1      | 585 ||| READING scroll labelled QIAKHLU SAEW.
   588 | D:1      | 588 ||| READING scroll labelled PUVUIXTUETT.
   589 | D:1      | 589 ||| DROPPING scroll of butterflies.
   613 | D:2      | 613 ||| STAIRDANCE
   617 | D:2      | HP: 2/20 [frozen (5)]
   617 | D:2      | Frozen to death by an endoplasm

Levels and vault maps discovered:
D:1:      scummos_arrival_forest, layout_loops_ring,
          hellmonk_ecumenical_altar_inner_sanctum, hangedman_decor_opposing
D:2:      layout_loops_cross, chequers_serial_rivers_small_b, uniq_robin

Skill      XL: |  1  2 |
---------------+-------+-----
Ranged Weapons | 6 |  6.7
Fighting       | |  1.5
Dodging        | |  2.4
Stealth        | |  1.2

Action                     || total
---------------------------++-------
   Fire: Shortbow          ||    68
    Use: Scroll            ||     3
 Armour: Leather armour    ||     8
         Scale mail        ||     5
  Dodge: Dodged            ||    24

Table legend:
 A = Non-vault XP
 B = Vault XP
 C = Vault XP percentage of total XP
 D = Non-vault monster count
 E = Vault monster count
 F = Vault count percentage of total count
                 A         B        C        D         E       F
            +---------+---------+-------+---------+---------+-------
      Total |      50 |       0 |   0.0 |      28 |       0 |   0.0
            +---------+---------+-------+---------+---------+-------
        D:1 |      50 |       0 |   0.0 |      28 |       0 |   0.0
            +---------+---------+-------+---------+---------+-------
